 Dungeon Crawl Stone Soup version 0.25-a0-36-g303dd5b1f4 (webtiles) character file.

Game seed: 10255946853924491587, levelgen mode: deterministic

20379 Esekla the Thaumaturge (level 12, -6/61 HPs)
             Began as a Deep Elf Wizard on Oct 20, 2019.
             Was the Champion of Qazlal.
             Killed from afar by a steam dragon (18 damage)
             ... with a ball of steam
             ... on level 13 of the Dungeon.
             The game lasted 02:31:39 (11953 turns).

Esekla the Thaumaturge (Deep Elf Wizard)           Turns: 11953, Time: 02:31:40

Health: -6/61      AC: 13    Str: 10    XL:     12   Next: 44%
Magic:  14/28      EV: 14    Int: 26    God:    Qazlal [******]
Gold:   845        SH:  8    Dex: 13    Spells: 9/31 levels left

rFire    . . .     SeeInvis +   E - +8 glaive of the Guard {elec, +Rage AC+5 SInv}
rCold    . . .     Gourm    +   (shield currently unavailable)
rNeg     . . .     Faith    .   s - +1 troll leather armour
rPois    .         Spirit   .   b - +0 hat
rElec    .         Reflect  .   (no cloak)
rCorr    .         Harm     .   (no gloves)
MR       ++...                  (no boots)
Stlth    +.........             R - amulet of the gourmand
HPRegen  1.60/turn              D - +3 ring of strength
MPRegen  0.21/turn              c - ring of protection from magic

@: protected from physical damage, regenerating, repel missiles
A: no striking features
a: Upheaval, Elemental Force, Disaster Area, Renounce Religion, Evoke Berserk
Rage


You were on level 13 of the Dungeon.
You worshipped Qazlal.
Qazlal was exalted by your worship.
You were hungry.

You visited 1 branch of the dungeon, and saw 13 of its levels.
You also visited: Ice Cave.

You collected 845 gold pieces.

Inventory:

Hand Weapons
 j - a +3 battleaxe of freezing
 v - a +2 dagger of venom
 A - a +1 longbow of freezing
 E - the +8 glaive of the Guard (weapon) {elec, +Rage AC+5 SInv}
   (You found it on level 5 of the Dungeon)

   Occasionally, upon striking a foe, it will discharge some electrical energy
   and cause terrible harm.
   It affects your AC (+5).
   It lets you see invisible.
   It lets you go berserk.
 V - a +1 long sword of holy wrath
Missiles
 e - 70 poisoned darts (quivered)
 O - 4 javelins
 P - 13 boomerangs
Armour
 b - a +0 hat (worn)
 s - a +1 troll leather armour (worn)
 z - the +0 ring mail "Zaseokh" {MP+9 Str+4}
   (You found it on level 4 of the Dungeon)

   It affects your strength (+4).
   It affects your magic capacity (+9).
Jewellery
 c - a ring of protection from magic (right hand)
 n - an uncursed ring of ice
 t - an uncursed ring of resist corrosion
 w - an uncursed ring of ice
 D - a +3 ring of strength (left hand)
 H - an uncursed ring of fire
 J - an uncursed ring of flight
 L - an uncursed ring of ice
 R - an amulet of the gourmand (around neck)
Wands
 g - a wand of paralysis (24)
 B - a wand of acid (3)
 F - a wand of iceblast (12)
 I - a wand of flame (46)
 K - a wand of disintegration (14)
 M - a wand of digging (4)
 S - a wand of polymorph (8)
Scrolls
 f - 12 scrolls of teleportation
 i - 2 scrolls of enchant weapon
 l - a scroll of amnesia
 m - 2 scrolls of fog
 p - 8 scrolls of remove curse
 y - 3 scrolls of identify
 C - a scroll of magic mapping
Potions
 a - a potion of ambrosia
 h - 2 potions of might
 k - 2 potions of flight
 o - 2 potions of haste
 q - 2 potions of brilliance
 r - a potion of resistance
 u - 6 potions of curing
 x - a potion of berserk rage
 G - a potion of cancellation
 N - a potion of mutation
Comestibles
 d - 24 rations


   Skills:
 + Level 1.2 Fighting
 + Level 1.6 Short Blades
 + Level 6.5 Polearms
 + Level 4.4 Armour
 + Level 5.1 Dodging
 - Level 2.6 Stealth
 * Level 10.3 Spellcasting
 * Level 7.9 Conjurations
 * Level 5.4 Charms
   Level 1.1 Summonings
 * Level 5.0 Necromancy
 + Level 3.7 Translocations
 * Level 6.0 Fire Magic
 * Level 6.9 Air Magic
 * Level 6.8 Earth Magic
 * Level 7.1 Poison Magic


You had 9 spell levels left.
You knew the following spells:

 Your Spells              Type           Power        Failure   Level  Hunger
a - Magic Dart            Conj           ####         1%          1    None
b - Blink                 Tloc           N/A          1%          2    None
c - Mephitic Cloud        Conj/Pois/Air  ######..     1%          3    None
e - Bolt of Magma         Conj/Fire/Erth #####.....   10%         5    ####...
f - Conjure Flame         Conj/Fire      #####...     1%          3    None
g - Regeneration          Chrm/Necr      #####.....   1%          3    None
v - Venom Bolt            Conj/Pois      ######....   8%          5    ####...

Your spell library contained the following spells:

 Spells                   Type           Power        Failure   Level  Hunger
 Animate Skeleton         Necr           N/A          1%          1    None
 Pain                     Necr           ####         1%          1    None
 Vampiric Draining        Necr           #####.....   2%          3    None
 Call Imp                 Summ           ###.....     5%          2    None
 Animate Dead             Necr           N/A          8%          4    None
 Slow                     Hex            ##......     9%          2    None
 Iskenderun's Battlesphe  Conj/Chrm      #####...     11%         5    ####...
 Iron Shot                Conj/Erth      ######....   41%         6    #####..
 Orb of Destruction       Conj           ######....   88%         7    #######
 Spellforged Servitor     Conj/Summ      #####.....   100%        7    #######


Dungeon Overview and Level Annotations

Branches:
Dungeon (13/15)            Temple (0/1) D:7            Lair (0/6) D:10
    Orc (0/2) D:9           IceCv (visited)
 Vaults: D:13-14

Altars:
Ashenzari
Dithmenos
Elyvilon
Fedhas
Hepliaklqana
Kikubaaqudgha
Makhleb
Nemelex Xobeh
Okawaru
Qazlal
Trog
Vehumet
Wu Jian
Yredelemnul
The Shining One

Shops:
D:11 *


Message History

Press: ? - help, Shift-Dir - straight line, f - hound
Aim: a hound
Okay, then.
Press: ? - help, v - describe, . - travel
Here: a steam dragon The floor.
You slash the steam dragon!
The steam dragon is moderately wounded.
The steam dragon breathes steam at you. The ball of steam hits you.
The steam dragon bites you.
You feel protected from physical attacks.
You block the steam dragon's attack.
You hit the steam dragon.
The steam dragon is moderately wounded.
The steam dragon breathes steam at you. The ball of steam hits you!
* * * LOW HITPOINT WARNING * * *
The steam dragon breathes steam at you. The ball of steam hits you!!
You die...

#.# #.# #.#
#.# #.# #.#
#.# #@#
###.####§#.#
#......D§§§#
#####..#.###
###hu#.#
..#.#.#
.....#.#
###.#u#.#
#.###h#§#.#


You could see a white ugly thing, a steam dragon and a hound.

Vanquished Creatures
  A frost giant (IceCv)
  A death yak (IceCv)
  An unseen horror (D:7)
  A manticore (D:11)
  A gargoyle (D:12)
  An ice statue (IceCv)
  2 ice devils (D:11)
  2 trolls
  18 polar bears
  5 slime creatures (D:10)
  3 hippogriffs
  Sigmund (D:6)
  2 centaur simulacra (D:11)
  A spriggan (D:7)
  A wraith (D:9)
  2 wyverns (D:11)
  19 yaks
  A hungry ghost (D:8)
  A soldier ant (D:11)
  A porcupine (D:10)
  5 orc warriors
  3 ice beasts
  3 black bears (D:10)
  A necrophage (D:5)
  10 ogres
  3 sky beasts
  13 wolves
  12 centaurs
  A crocodile (D:10)
  Blork the orc (D:4)
  10 bullfrogs
  A wyvern zombie (D:12)
  A scorpion (D:8)
  A water moccasin skeleton (D:11)
  3 howler monkeys
  An electric eel (D:11)
  A centaur zombie (D:7)
  6 crimson imps
  3 bullfrog zombies
  4 jellies
  A quasit (D:12)
  4 hounds
  3 centaur skeletons
  9 orc priests
  A gnoll shaman (D:6)
  2 bullfrog skeletons (D:11)
  Terence (D:2)
  2 iguanas
  11 orc wizards
  8 worker ants
  A bullfrog simulacrum (D:11)
  A howler monkey zombie (D:5)
  14 adders
  4 gnolls
  A hound simulacrum (D:11)
  7 shadow imps
  A white imp (D:11)
  An ufetubus (D:11)
  3 oozes
  2 adder zombies
  3 adder skeletons
  2 worms (D:2)
  A dart slug (D:1)
  8 leopard geckos
  18 orcs
  2 bat zombies (D:4)
  8 giant cockroaches
  4 hobgoblins
  11 jackals
  3 quokkas
  5 bats
  6 frilled lizards
  5 goblins (D:1)
  9 kobolds
  8 rats
  A fungus (D:10)
319 creatures vanquished.

Vanquished Creatures (collateral kills)
  An orc (D:9)
1 creature vanquished.

Vanquished Creatures (others)
  A polar bear (IceCv)
  2 fungi (D:10)
3 creatures vanquished.

Grand Total: 323 creatures vanquished

Notes
Turn   | Place    | Note
-------+----------+-------------------------------------------
     0 | D:1      | Esekla the Deep Elf Wizard began the quest for the Orb.
     0 | D:1      | Reached XP level 1. HP: 10/10 MP: 7/7
   395 | D:1      | Reached XP level 2. HP: 15/15 MP: 7/9
   466 | D:1      | Reached skill level 5 in Spellcasting
   792 | D:1      | Reached XP level 3. HP: 17/19 MP: 6/12
   796 | D:1      | Learned a level 2 spell: Blink
   800 | D:1      | Learned a level 3 spell: Mephitic Cloud
   804 | D:1      | Learned a level 3 spell: Conjure Flame
  1263 | D:2      | Reached XP level 4. HP: 24/24 MP: 8/13
  1345 | D:2      | Found a faded altar of an unknown god.
  1351 | D:2      | Noticed Terence
  1373 | D:2      | Became a worshipper of Qazlal Stormbringer
  1373 | D:2      | Reached * piety under Qazlal
  1418 | D:2      | Killed Terence
  1418 | D:2      | Reached skill level 6 in Spellcasting
  1521 | D:2      | Found a sparkling altar of Nemelex Xobeh.
  1790 | D:3      | Found an iron altar of Okawaru.
  1805 | D:3      | Found a white marble altar of Elyvilon.
  1905 | D:3      | Reached skill level 1 in Poison Magic
  1938 | D:3      | Found a hazy altar of Hepliaklqana.
  2006 | D:3      | Reached XP level 5. HP: 28/28 MP: 12/15
  2080 | D:3      | Found a shattered altar of Ashenzari.
  2480 | D:4      | Got a pair of transparent gloves
  2544 | D:4      | Identified the cursed -3 pair of gloves of Eternal Night
                  | {*Drain rF++} (You found it on level 4 of the Dungeon)
  2546 | D:4      | Found a basalt altar of Yredelemnul.
  2571 | D:4      | Noticed Blork the orc
  2579 | D:4      | Killed Blork the orc
  2579 | D:4      | Reached skill level 1 in Air Magic
  2725 | D:4      | Reached ** piety under Qazlal
  2733 | D:4      | Found an ancient bone altar of Kikubaaqudgha.
  2816 | D:4      | Noticed an ogre
  2822 | D:4      | Killed an ogre
  2822 | D:4      | Reached XP level 6. HP: 32/32 MP: 9/17
  2890 | D:4      | Got a crude ring mail
  2894 | D:4      | You fall into a shaft and drop 2 floors!
  2906 | D:6      | Identified the +0 ring mail "Zaseokh" {MP+9 Str+4} (You
                  | found it on level 4 of the Dungeon)
  3009 | D:5      | Entered Level 5 of the Dungeon
  3011 | D:5      | Reached skill level 1 in Short Blades
  3367 | D:5      | Reached XP level 7. HP: 36/36 MP: 19/19
  3549 | D:5      | Reached skill level 1 in Armour
  3579 | D:5      | Reached skill level 7 in Spellcasting
  3614 | D:5      | Found the +8 glaive of the Guard {elec, +Rage AC+5 SInv}
  3819 | D:4      | Found a glowing golden altar of the Shining One.
  3872 | D:5      | Reached skill level 5 in Conjurations
  3941 | D:5      | Learned a level 5 spell: Venom Bolt
  3947 | D:5      | Learned a level 5 spell: Bolt of Magma
  4414 | D:5      | Reached XP level 8. HP: 41/41 MP: 20/20
  4746 | D:6      | Noticed Sigmund
  4750 | D:6      | Killed Sigmund
  4750 | D:6      | Reached skill level 1 in Polearms
  4750 | D:6      | Reached skill level 1 in Fire Magic
  4750 | D:6      | Reached skill level 1 in Earth Magic
  4998 | D:6      | Found a glowing golden altar of the Shining One.
  5093 | D:7      | Reached *** piety under Qazlal
  5241 | D:7      | Noticed an unseen horror
  5248 | D:7      | Killed an unseen horror
  5248 | D:7      | Reached XP level 9. HP: 44/45 MP: 22/22
  5263 | D:7      | Found a staircase to the Ecumenical Temple.
  5319 | D:7      | Found a burning altar of Makhleb.
  5405 | D:7      | Found a radiant altar of Vehumet.
  5538 | D:7      | Reached skill level 8 in Spellcasting
  6204 | D:8      | Reached XP level 10. HP: 50/50 MP: 24/24
  6272 | D:8      | Found an ornate altar of the Wu Jian Council.
  6278 | D:8      | Found a shadowy altar of Dithmenos.
  6376 | D:8      | Got a flickering jade ring
  6379 | D:8      | Identified the cursed ring "Nijoatu" {Str+2 Dex-3} (You
                  | found it on level 8 of the Dungeon)
  6490 | D:9      | Reached **** piety under Qazlal
  6507 | D:9      | Found a blossoming altar of Fedhas.
  6745 | D:10     | Entered Level 10 of the Dungeon
  6782 | D:10     | Reached skill level 5 in Poison Magic
  6798 | D:10     | Reached skill level 5 in Air Magic
  6929 | D:10     | Found a staircase to the Lair.
  7208 | D:9      | Found a bloodstained altar of Trog.
  7210 | D:9      | Found a staircase to the Orcish Mines.
  7397 | D:9      | Reached skill level 9 in Spellcasting
  8111 | D:10     | Reached skill level 5 in Polearms
  8226 | D:10     | Learned a level 3 spell: Regeneration
  8801 | D:11     | Reached skill level 1 in Charms
  8824 | D:11     | Reached skill level 1 in Necromancy
  8857 | D:11     | Reached ***** piety under Qazlal
  8863 | D:11     | Reached XP level 11. HP: 47/54 MP: 24/26
  8924 | D:11     | Reached skill level 5 in Earth Magic
  9010 | D:11     | Reached skill level 5 in Fire Magic
  9018 | D:11     | Found a frozen archway.
  9031 | IceCv    | Entered an ice cave
  9497 | IceCv    | Noticed a death yak
  9511 | IceCv    | Killed a death yak
  9931 | IceCv    | Reached XP level 12. HP: 31/60 MP: 22/27
  9943 | IceCv    | Reached skill level 1 in Fighting
 10056 | IceCv    | Noticed a frost giant
 10064 | IceCv    | Killed a frost giant
 10064 | IceCv    | Reached skill level 5 in Dodging
 10064 | IceCv    | Reached skill level 10 in Spellcasting
 10064 | IceCv    | Reached skill level 5 in Charms
 10780 | D:11     | Found Sebeadgh's General Store.
 10789 | D:11     | Reached ****** piety under Qazlal
 11216 | D:12     | Reached skill level 5 in Necromancy
 11242 | D:12     | Found a stormy altar of Qazlal.
 11953 | D:13     | Killed from afar by a steam dragon

Levels and vault maps discovered:
D:1:      scummos_arrival_checkerplants, layout_basic
D:2:      layout_basic, nemelex_xobeh_ov_fountains_minmay,
          chequers_ecumenical_altar_simple_redux, first_ration,
          minmay_octomino_j4, uniq_terence
D:3:      layout_basic, nicolae_overflow_crystal_walls,
          grunt_temple_overflow_open, lemuel_crystal_altar
D:4:      layout_loops_cross, kennysheep_mini_moat,
          lemuel_zombie_altar_kikubaaqudgha, yredelemnul_altar_generic,
          uniq_blork_the_orc
D:5:      kennysheep_big_flooded_room, layout_loops_corners
D:6:      layout_loops_ring, minmay_misc_feat_tiny, tso_altar, uniq_sigmund
D:7:      layout_rooms, makhleb_heckhound_becter, overflow_temple_1_default,
          temple_hall, the_bakery
D:8:      layout_gridville, minitemple, hangedman_decor_peaks_small,
          small_chamber_with_monster
D:9:      layout_basic, lemuel_doored_altar, overflow_temple_1_default,
          orc_0_dummy
D:10:     layout_layer_cave, due_lair_maze_entry_diamond
D:11:     layout_roguey, serial_ice, serial_ice_e, serial_ice_j, serial_ice_h,
          serial_ice_m, serial_ice_b, serial_ice_f, serial_ice_g, serial_ice_a,
          portal_ice_cave_demonic_guard, serial_shops, shop,
          minmay_fractal_squares_5
D:12:     layout_layer_cave, nicolae_qazlal_general_emergency
D:13:     layout_basic, serial_shops, nicolae_shop_trees

Skill      XL: |  1  2  3  4  5  6  7  8  9 10 11 12 |
---------------+-------------------------------------+-----
Spellcasting   | 5 6 7 8 9 10 | 10.3
Conjurations   | 2 3 4 5 6 7 |  7.9
Poison Magic   | 1 2 3 4 5 6 7 |  7.1
Translocations | 2 3 |  3.7
Air Magic      | 1 2 3 4 5 6 |  6.9
Short Blades   | 1 |  1.6
Dodging        | 3 4 5 |  5.1
Armour         | 1 2 3 4 |  4.4
Polearms       | 2 4 5 6 |  6.5
Fire Magic     | 2 3 4 5 6 |  6.0
Earth Magic    | 2 3 4 6 |  6.8
Charms         | 1 4 5 |  5.4
Necromancy     | 1 4 5 |  5.0
Fighting       | 1 |  1.2
Stealth        | |  2.6
Summonings     | |  1.1

Action                   |  1- 3 |  4- 6 |  7- 9 | 10-12 || total
-------------------------+-------+-------+-------+-------++-------
Melee: Unarmed           |     1 |       |       |       ||     1
       Dagger            |    18 |    46 |    15 |       ||    79
       Long sword        |       |     6 |     2 |       ||     8
       Glaive            |       |       |   131 |   393 ||   524
       Spear             |       |       |     9 |       ||     9
Throw: Dart              |       |     7 |     7 |    25 ||    39
 Cast: Magic Dart        |    77 |    77 |    30 |    18 ||   202
       Mephitic Cloud    |       |     8 |    21 |    36 ||    65
       Blink             |       |     1 |     2 |    15 ||    18
       Conjure Flame     |       |     4 |     9 |    56 ||    69
       Venom Bolt        |       |       |       |     2 ||     2
       Regeneration      |       |       |       |    12 ||    12
       Bolt of Magma     |       |       |       |     4 ||     4
 Abil: Evoke Flight      |       |       |       |     2 ||     2
  Use: Scroll            |       |     5 |     8 |    16 ||    29
       Potion            |       |       |       |     3 ||     3
 Stab: Sleeping          |     2 |     1 |       |       ||     3
       Confused          |       |     5 |     7 |    13 ||    25
  Eat: Chunk             |       |     4 |     9 |    18 ||    31
       Ration            |       |     1 |       |     1 ||     2
Armor: Robe              |     3 |     2 |       |       ||     5
       Ring mail         |       |     1 |    56 |    42 ||    99
       Troll leather arm |       |       |       |    52 ||    52
Dodge: Dodged            |    18 |    45 |    81 |   162 ||   306
       Deflected         |       |       |       |    11 ||    11
Block: Other             |       |     1 |    24 |    96 ||   121

Table legend:
 A = Non-vault XP
 B = Vault XP
 C = Vault XP percentage of total XP
 D = Non-vault monster count
 E = Vault monster count
 F = Vault count percentage of total count
                 A         B        C        D         E       F
            +---------+---------+-------+---------+---------+-------
      Total |   12944 |   16170 |  55.5 |     230 |      89 |  27.9
            +---------+---------+-------+---------+---------+-------
        D:1 |      48 |       0 |   0.0 |      23 |       0 |   0.0
        D:2 |      48 |      51 |  51.5 |      16 |       4 |  20.0
        D:3 |      88 |       0 |   0.0 |      17 |       0 |   0.0
        D:4 |     259 |     100 |  27.9 |       7 |       3 |  30.0
        D:5 |     689 |     110 |  13.8 |      24 |       1 |   4.0
        D:6 |     153 |     238 |  60.9 |       7 |       1 |  12.5
        D:7 |    2281 |     260 |  10.2 |      21 |       2 |   8.7
        D:8 |    1256 |       6 |   0.5 |      22 |       1 |   4.3
        D:9 |     670 |       0 |   0.0 |      19 |       0 |   0.0
       D:10 |    2466 |    1208 |  32.9 |      24 |      11 |  31.4
       D:11 |    2732 |    2250 |  45.2 |      35 |      20 |  36.4
       D:12 |    2254 |       0 |   0.0 |      15 |       0 |   0.0
      IceCv |       0 |   11947 | 100.0 |       0 |      46 | 100.0
            +---------+---------+-------+---------+---------+-------
